 Dungeon Crawl Stone Soup version 0.28.0-43-g3370ac3207 (webtiles) character file.

Game seed: 1711087205244803531

184 pkoi the Chiller (level 5, -3/27 (28) HPs)
             Began as a Deep Elf Ice Elementalist on Mar 7, 2022.
             Slain by a hell rat (10 damage)
             ... in a sewer.
             The game lasted 00:06:34 (5651 turns).

pkoi the Chiller (Deep Elf Ice Elementalist)        Turns: 5651, Time: 00:06:35

HP:   -3/27 (28)    AC:  4    Str:  5    XL:     5   Next: 36%
MP:   10/13         EV: 13    Int: 22    God:
Gold: 104           SH:  0    Dex: 15    Spells: 8/12 levels left

rFire   . . .      SeeInvis .   m - staff of conjuration
rCold   . . .      Faith    .   (no shield)
rNeg    . . .      Spirit   .   a - +1 robe
rPois   .          Reflect  .   (no helmet)
rElec   .          Harm     .   (no cloak)
rCorr   .          Rampage  .   k - +0 pair of gloves
Will    .....                   (no boots)
Stlth   +++.......              (no amulet)
HPRegen 0.09/turn               (no ring)
MPRegen 0.13/turn               (no ring)

@: freezing walls, lightly drained
A: no striking features
a: no special abilities


You were in a sewer.
You visited 1 branch of the dungeon, and saw 4 of its levels.
You also visited: Sewer.

You collected 104 gold pieces.

Inventory:

Hand Weapons
 b - a +0 club
 c - a +0 dagger
Armour
 a - a +1 robe (worn)
 k - a +0 pair of gloves (worn)
Magical Staves
 m - a staff of conjuration (weapon)
Wands
 o - a wand of acid (4)
Scrolls
 g - a scroll of enchant armour
 h - 2 scrolls of silence
 l - a scroll of teleportation
 p - a scroll of identify
Potions
 d - 2 potions of lignification {unknown}
 e - a potion of curing
 f - a potion of flight {unknown}
 i - a potion of attraction {unknown}
 j - a potion of haste {unknown}
 n - a potion of resistance {unknown}


   Skills:
 - Level 2.8 Dodging
 + Level 3.7 Stealth
 + Level 4.1 Spellcasting
 + Level 0.3 Conjurations
 * Level 6.3 Ice Magic


You had 8 spell levels left.
You knew the following spells:

 Your Spells              Type           Power      Damage    Failure   Level
a - Freeze                Ice            100%       1d11      1%          1
b - Frozen Ramparts       Ice            64%        1d8       2%          3

Your spell library contained the following spells:

 Spells                   Type           Power      Damage    Failure   Level
 Ozocubu's Armour         Ice            32%        N/A       2%          3
 Sublimation of Blood     Necr           4%         N/A       17%         2
 Hailstorm                Conj/Ice       28%        3d8       28%         4
 Confusing Touch          Hex            4%         N/A       32%         3
 Swiftness                Air            4%         N/A       32%         3
 Excruciating Wounds      Necr           2%         N/A       97%         5
 Yara's Violent Unravell  Hex/Tmut       2%         3d3       97%         5
 Enfeeble                 Hex            2%         N/A       100%        7


Dungeon Overview and Level Annotations

Branches:
Dungeon (4/15)              Sewer (1/1)
 Temple: D:4-7

Altars:

Shops:
D:3 ?(=[   D:4 (


Message History

Magic restored.
You start waiting.
Done waiting.
You enter the shallow water.
Moving in this stuff is going to be slow.
You enter the shallow water.
Moving in this stuff is going to be slow.
You enter the shallow water.
Moving in this stuff is going to be slow.
You enter the shallow water.
Moving in this stuff is going to be slow.
You open the door.
A hell rat comes into view.
Found seven items.
Found a gate leading back out of this place.
A hell rat is nearby!
The hell rat roars deafeningly!
Casting: Frozen Ramparts (dangerous; 2% risk of failure)
Confirm with . or Enter, or press ? or * to list all spells.
Casting: Frozen Ramparts (dangerous; 2% risk of failure)
Press: ? - help, Dir - look around, f - activate The walls around you are covered in ice.
The wall freezes the hell rat.
You hit the hell rat but do no damage.
The hell rat is moderately wounded.
The wall freezes the hell rat.
The hell rat bites you!
Ouch! That really hurt!
* * * LOW HITPOINT WARNING * * *
Unknown command.
You closely miss the hell rat.
The hell rat is heavily wounded.
The wall freezes the hell rat.
The hell rat bites you.
* * * LOW HITPOINT WARNING * * *
You feel drained.
* * * LOW HITPOINT WARNING * * *
Unknown command.
You barely miss the hell rat.
The hell rat is almost dead.
The wall freezes the hell rat.
The hell rat bites you!
You die...

#########
###≈≈....≈###
###≈≈≈≈.@≈..≈.###
#..≈.†##r##..≈.≈#
##≈≈.###.≈≈###≈..##
#≈..## ≈≈≈≈≈ ##≈.≈#
#≈≈†# ≈.≈≈≈≈≈ #≈..#
#≈.≈##.!!?!?.##...#
##.≈.###!∩!###≈.≈##
#..≈≈.#####≈≈≈..#
###≈.≈..∩≈..≈≈###


You could see a hell rat.

Vanquished Creatures
  A hound (D:4)
  3 gnolls (D:3)
  2 river rats
  3 adders
  An adder skeleton (D:4)
  2 worms (D:2)
  A dart slug (D:3)
  2 orcs (D:3)
  3 bats
  4 endoplasms
  4 giant cockroaches
  5 goblins
  8 hobgoblins
  7 kobolds
  3 quokkas
  7 ball pythons
  7 frilled lizards
  10 rats
73 creatures vanquished.

Notes
Turn   | Place    | Note
-------+----------+-------------------------------------------
     0 | D:1      | pkoi the Deep Elf Ice Elementalist began the quest for the
                  | Orb.
     0 | D:1      | Reached XP level 1. HP: 10/10 MP: 6/6
   217 | D:1      | Reached XP level 2. HP: 14/15 MP: 6/8
   374 | D:1      | Got the Grimoire of the Evil Birds
  1755 | D:2      | Reached XP level 3. HP: 19/19 MP: 7/9
  1759 | D:2      | Learned a level 3 spell: Frozen Ramparts
  1773 | D:2      | Reached skill level 5 in Ice Magic
  3707 | D:2      | Reached XP level 4. HP: 22/24 MP: 11/11
  3806 | D:3      | Found Inohejen's Jewellery Shop.
  3886 | D:3      | Found Wexampo's Magic Scroll Shop.
  4119 | D:3      | Found Zerouh's Antique Weapon Shop.
  4257 | D:3      | Found Valedilou's Antique Armour Boutique.
  4446 | D:3      | Reached skill level 6 in Ice Magic
  4866 | D:4      | Noticed a phantom
  5000 | D:4      | Reached XP level 5. HP: 24/28 MP: 8/13
  5017 | D:4      | Found Esoips's Weapon Shop.
  5038 | D:4      | Found a glowing drain.
  5066 | Sewer    | Entered a sewer
  5651 | Sewer    | Slain by a hell rat

Illustrated notes

Levels and vault maps discovered:
D:1:      ncdulo_lavacross, layout_basic, serial_glass, glass_columns_a,
          glass_columns_a, glass_columns_b, glass_columns_a, glass_columns_a,
          glass_columns_b, glass_columns_b, glass_columns_a, glass_columns_b,
          glass_columns_a, glass_columns_b, glass_columns_a, glass_columns_b,
          glass_columns_a
D:2:      minmay_thinvault, layout_rooms
D:3:      layout_rooms, serial_shops, nicolae_shop_statue_plus,
          nicolae_diamond_shop, shop, nicolae_shop_stone, minmay_splitting_lines
D:4:      layout_loops_ring, portal_sewer_entry_a, serial_shops,
          nicolae_stop_n_shop_1, nicolae_shop_temple_entry_statues_fountains,
          nicolae_shop_behind_doors,
          nicolae_shop_temple_entry_statues_fountains, nicolae_shop_waterfront,
          serial_bayou_pond_e
Sewer:    sewer_hellmonk_bad_rat

Skill      XL: |  1  2  3  4 |
---------------+-------------+-----
Stealth        | 3 |  3.7
Ice Magic      | 5 6 |  6.3
Spellcasting   | 4 |  4.1
Dodging        | |  2.8
Conjurations   | |  0.3

Action                   |  1- 3 |  4- 6 || total
-------------------------+-------+-------++-------
Melee: Club              |     3 |       ||     3
       Dagger            |    28 |       ||    28
       Staff             |    10 |    53 ||    63
       Punch             |     2 |     3 ||     5
 Cast: Freeze            |    38 |     1 ||    39
       Frozen Ramparts   |     8 |    14 ||    22
  Use: Scroll            |     3 |     2 ||     5
 Stab: Sleeping          |     2 |     5 ||     7
Armor: Robe              |     9 |    14 ||    23
Dodge: Dodged            |    38 |    46 ||    84
